Map: Data-C

Players

Dolan

  • Race: Terran Terran
  • Spawn Location: 3:00

Elazer - Winner!

  • Race: Zerg Zerg
  • Spawn Location: 9:00

Event: DreamHack SC2 Masters 2022 Atlanta (Offline)

VOD

Have the link to the VOD?

Description

Time

  • Played on: Nov. 18, 2022, 1:40 p.m.
  • Length: 19:11

All games in this series

Show
View Real Time Build Order
Export as new Build Order

Dolan Terran 

Build Orders: Liberator Opening, Reaper Expand, Mech 

Get SALT Encoding   

  12  0:00  SCV  
  13  0:12  SCV  
  14  0:16  Supply Depot  
  14  0:24  SCV  
  15  0:38  SCV  
  15  0:39  Barracks  
  16  0:42  Refinery  
  16  0:50  SCV  
  17  1:02  SCV  
  18  1:14  SCV  
  19  1:26  Reaper, Orbital Command  
  20  1:41  Command Center  
  20  1:48  Supply Depot  
  20  1:53  SCV  
  21  1:58  Marine  
  22  2:05  SCV  
  23  2:08  Factory  
  23  2:14  Refinery  
  23  2:17  SCV  
  23  2:20  Barracks Reactor  
  24  2:29  SCV  
  25  2:41  SCV  
  26  2:53  SCV  
  26  2:54  Starport  
  26  2:55  Orbital Command  
  31  2:58  Hellion x2  
  31  3:02  Barracks Tech Lab  
  32  3:05  SCV  
  32  3:21  Hellion x2  
  32  3:23  SCV x2  
  32  3:25  Supply Depot  
  38  3:35  SCV x2  
  38  3:36  Liberator  
  43  3:42  Armory  
  43  3:47  Hellion x2  
  46  3:56  SCV x2  
  46  4:00  Supply Depot  
  48  4:08  SCV x2  
  48  4:09  Hellion x2  
  54  4:22  SCV x2  
  56  4:25  Command Center  
  56  4:28  Barracks Tech Lab  
  56  4:34  Refinery x2  
  56  4:36  Terran Vehicle Weapons Level 1  
  56  4:37  SCV  
  57  4:40  SCV  
  58  4:53  Factory  
  58  4:54  Factory  
  58  4:56  SCV x2  
  60  5:10  SCV x2  
  60  5:11  Starport Reactor  
  60  5:14  Hellion x2  
  49  5:23  SCV  
  49  5:26  SCV  
  49  5:35  Hellion x2  
  53  5:37  Orbital Command  
  53  5:39  SCV x2  
  53  5:40  Infernal Pre-Igniter  
  55  5:47  Thor x2  
  67  5:51  SCV x2  
  67  5:56  Hellion x2  
  73  5:57  Supply Depot  
  73  5:59  Orbital Command  
  73  6:01  Medivac x2  
  77  6:05  Supply Depot  
  77  6:18  SCV x2  
  77  6:19  Hellion x2  
  77  6:24  Engineering Bay  
  83  6:25  Supply Depot  
  83  6:27  SCV  
  83  6:30  SCV x2  
  88  6:32  Siege Tank  
  88  6:33  Siege Tank  
  88  6:34  Refinery  
  88  6:35  Refinery  
  91  6:41  Hellion  
  93  6:47  SCV x3, Hellion  
  93  6:49  Factory x2  
  98  6:57  Terran Vehicle Weapons Level 2  
  98  6:59  Supply Depot, SCV x3  
  101  7:04  Hellion  
  103  7:08  Hellion  
  105  7:35  SCV x3  
  105  7:36  Siege Tank x2  
  98  7:45  Factory Tech Lab, Factory Reactor  
  98  7:46  Liberator x2, Hellion x2  
  98  7:47  SCV x3  
  98  7:50  Sensor Tower  
  98  7:51  Command Center  
  96  7:59  SCV x3  
  88  8:21  Siege Tank x3  
  88  8:24  Hellion x4, SCV x3  
  108  8:44  SCV  
  108  8:45  SCV x2  
  108  8:48  Supply Depot  
  111  8:56  Siege Tank x2  
  111  9:02  Supply Depot, SCV x3, Siege Tank  
  131  9:03  Supply Depot, Hellion x4  
  125  9:24  Hellion  
  125  9:28  Siege Tank x2  
  125  9:30  Sensor Tower  
  131  9:35  Siege Tank  
  126  9:48  Hellion  
  126  9:49  Liberator x2, Hellion x3  
  126  9:50  SCV x3  
  143  9:58  Planetary Fortress  
  143  10:00  Siege Tank x2  
  143  10:06  Refinery  
  146  10:07  Refinery  
  129  10:16  SCV x2  
  123  10:29  Terran Vehicle Weapons Level 3  
  123  10:30  SCV x2  
  123  10:31  Supply Depot  
  123  10:33  Hellion x2  
  123  10:35  Sensor Tower  
  129  10:42  SCV x2  
  118  10:43  Hellion x2  
  118  10:44  Hellion x2  
  124  10:54  SCV  
  122  11:03  SCV x2  
  124  11:06  Thor, SCV, Siege Tank x2  
  124  11:07  Hellion x3  
  130  11:12  Orbital Command  
  130  11:17  Liberator x2, Hellion  
  136  11:23  SCV x3  
  139  11:28  Hellion  
  141  11:35  Hellion x2  
  141  11:38  Hellion, Siege Tank x2  
  153  11:45  Refinery  
  153  11:46  Sensor Tower  
  153  11:48  Missile Turret  
  153  11:49  Missile Turret, Siege Tank  
  153  11:56  Hellion x2  
  153  11:57  SCV x2  
  153  11:58  SCV  
  160  12:02  Hellion x2  
  160  12:08  Supply Depot, Factory  
  164  12:09  Factory  
  164  12:10  Factory  
  164  12:16  Siege Tank x2  
  170  12:31  Command Center  
  170  12:35  Command Center  
  170  12:38  Hellion, Siege Tank  
  170  12:39  Hellion x2  
  170  12:42  Supply Depot  
  179  12:45  Hellion  
  179  12:46  Viking x2  
  179  12:48  Siege Tank  
  188  12:54  Missile Turret  
  188  13:01  Factory Tech Lab x2  
  188  13:02  Factory Reactor  
  188  13:04  Thor, Hellion  
  196  13:06  Terran Vehicle And Ship Armor Level 1  
  196  13:20  Siege Tank  
  196  13:21  Supply Depot  
  196  13:42  Hellion x2  
  196  13:44  Hellion  
  197  14:06  Siege Tank x2  
  186  14:21  Hellion x6  
  186  14:22  Siege Tank x3  
  186  14:38  Thor  
  192  14:44  Siege Tank  
  192  14:45  Hellion x3  
  156  14:54  Hellion x3, Siege Tank x3  
  152  15:05  Orbital Command  
  152  15:08  Ghost Academy  
  152  15:09  Barracks, Barracks Tech Lab, Terran Infantry Armor Level 1  
  152  15:10  Barracks  
  152  15:17  Siege Tank  
  152  15:20  Hellion x5  
  152  15:21  Hellion, Siege Tank  
  170  15:26  Siege Tank x2  
  170  15:38  Medivac x2  
  170  15:39  Ghost  
  176  15:43  Personal Cloaking  
  151  15:58  Hellion x3  
  151  16:01  Sensor Tower  
  151  16:02  Missile Turret  
  168  16:07  Viking  
  168  16:08  Thor x2, Viking  
  168  16:10  Thor  
  179  16:22  Ghost  
  179  16:23  Barracks Tech Lab x2  
  181  16:37  Refinery  
  181  16:46  Refinery  
  165  16:50  Thor  
  158  17:08  Enhanced Shockwaves  
  158  17:09  Ghost  
  158  17:12  Ghost  
  161  17:44  Thor  
  161  17:45  Thor  
  173  18:02  Sensor Tower  
  173  18:15  Ghost x2  
  177  18:23  Planetary Fortress  
Show
View Real Time Build Order
Export as new Build Order

Elazer Zerg - Winner!

Build Orders: Hatch First 

Get SALT Encoding   

  12  0:00  Drone  
  13  0:12  Overlord  
  13  0:16  Drone  
  14  0:30  Drone x2  
  16  0:47  Hatchery  
  15  0:51  Drone  
  15  0:54  Drone  
  17  0:58  Drone  
  18  1:09  Extractor  
  17  1:13  Spawning Pool  
  17  1:16  Drone  
  17  1:20  Drone  
  18  1:29  Drone  
  19  1:39  Drone  
  20  1:49  Drone  
  21  1:59  Queen x2  
  25  2:05  Zergling x4  
  27  2:11  Drone  
  27  2:12  Overlord  
  27  2:13  Metabolic Boost  
  28  2:33  Spore Crawler  
  28  2:35  Drone, Hatchery  
  28  2:37  Drone x2  
  28  2:40  Drone  
  31  2:46  Queen  
  33  2:51  Overlord  
  33  2:54  Drone  
  33  2:55  Drone  
  36  2:58  Drone  
  36  3:04  Overlord  
  36  3:09  Drone x3  
  39  3:13  Drone  
  39  3:17  Queen  
  42  3:22  Queen  
  44  3:27  Drone x2  
  44  3:28  Zergling x2  
  44  3:32  Overlord  
  47  3:38  Drone  
  47  3:40  Drone x3  
  51  3:47  Queen  
  51  3:48  Drone x3  
  56  3:55  Queen  
  58  3:59  Drone x4  
  58  4:02  Overlord  
  62  4:05  Drone x2  
  62  4:08  Baneling Nest  
  63  4:11  Drone  
  64  4:18  Drone x2  
  64  4:19  Overlord  
  64  4:21  Drone x3  
  69  4:25  Drone  
  69  4:32  Spore Crawler, Queen, Drone  
  69  4:36  Spore Crawler  
  69  4:37  Queen x2  
  74  4:39  Overlord  
  74  4:44  Zergling x2  
  74  4:45  Zergling x8  
  79  4:48  Spore Crawler  
  79  4:49  Zergling x2  
  79  4:56  Spore Crawler  
  79  4:58  Overlord  
  81  5:13  Overlord  
  75  5:16  Drone x11  
  84  5:26  Overlord  
  84  5:27  Drone  
  85  5:29  Lair  
  85  5:30  Drone, Extractor  
  85  5:34  Extractor  
  84  5:36  Extractor  
  84  5:38  Drone x4, Hatchery  
  86  5:45  Drone x6  
  86  5:47  Hatchery  
  91  5:53  Drone  
  91  5:54  Evolution Chamber  
  91  5:56  Evolution Chamber  
  90  5:57  Overlord  
  90  6:04  Zergling x2  
  90  6:05  Zergling x12  
  97  6:14  Overlord  
  97  6:15  Zergling x2  
  97  6:16  Zergling x8  
  101  6:21  Zerg Ground Armor Level 1, Zerg Melee Weapons Level 1, Overlord  
  101  6:26  Zergling x8  
  101  6:30  Overlord  
  101  6:32  Overseer  
  105  6:36  Zergling x4, Centrifugal Hooks  
  105  6:39  Burrow  
  107  6:43  Zergling x14  
  112  6:52  Overlord  
  107  6:55  Drone x6, Roach Warren  
  107  7:00  Drone x2  
  113  7:19  Zergling x24  
  120  7:31  Overlord  
  120  7:35  Drone x9  
  120  7:36  Drone x6  
  122  7:40  Drone x7  
  122  7:49  Drone x3  
  125  7:58  Drone x4  
  119  8:04  Overlord  
  118  8:08  Overlord  
  118  8:09  Roach x5  
  128  8:14  Roach x3  
  134  8:22  Roach x6  
  134  8:25  Zerg Melee Weapons Level 2  
  134  8:26  Hatchery, Zerg Missile Weapons Level 1  
  145  8:27  Overlord  
  145  8:28  Drone, Extractor x2  
  145  8:29  Drone x5  
  145  8:32  Roach x2  
  153  8:38  Roach x8  
  169  8:46  Roach x3  
  169  8:47  Overlord x2  
  174  8:53  Extractor  
  174  8:54  Extractor  
  172  8:57  Drone  
  172  8:58  Drone x2  
  172  9:01  Zergling x12  
  181  9:09  Zergling x20  
  187  9:16  Baneling x8  
  183  9:18  Zergling x12  
  183  9:21  Overlord  
  189  9:35  Overlord  
  189  9:43  Ravager x2  
  189  9:44  Ravager x8  
  189  9:45  Zergling x6  
  193  10:11  Zergling x22  
  192  10:16  Ravager x7  
  191  10:24  Drone x9  
  194  10:42  Zergling x20  
  175  10:44  Ravager  
  175  10:45  Ravager x6  
  179  10:53  Extractor x2  
  179  10:54  Zerg Missile Weapons Level 2  
  179  10:55  Infestation Pit, Drone x3  
  179  10:56  Drone x3  
  182  11:05  Hatchery  
  182  11:10  Hatchery  
  157  11:14  Roach x9  
  157  11:16  Zergling x26  
  173  11:23  Drone x4  
  173  11:25  Drone  
  178  11:27  Drone x3  
  178  11:29  Zergling x6  
  178  11:31  Unknown  
  183  11:33  Overlord  
  183  11:34  Hive  
  183  11:36  Spire  
  183  11:37  Ravager x6  
  187  11:56  Drone x2  
  187  11:59  Ravager x3  
  192  12:02  Pathogen Glands, Pneumatized Carapace  
  192  12:03  Overseer x4  
  192  12:11  Spine Crawler x3  
  192  12:13  Spine Crawler x3  
  186  12:20  Spine Crawler  
  185  12:25  Infestor  
  185  12:26  Infestor x3  
  185  12:28  Infestor  
  195  12:40  Spore Crawler x2, Spine Crawler  
  195  12:41  Spine Crawler x3  
  189  12:48  Greater Spire, Hatchery, Adrenal Glands  
  189  12:50  Zerg Melee Weapons Level 3  
  188  12:52  Hatchery  
  186  12:59  Neural Parasite  
  186  13:00  Spore Crawler  
  186  13:04  Drone x3  
  182  13:14  Spore Crawler  
  182  13:18  Spore Crawler  
  178  13:25  Drone  
  178  13:35  Zergling x2, Baneling x38  
  178  13:36  Zergling x42  
  198  13:49  Zergling x4  
  198  13:51  Zerg Missile Weapons Level 3  
  200  13:56  Spine Crawler  
  200  13:57  Spine Crawler x2  
  168  14:21  Zergling x2  
  168  14:22  Zergling x72  
  188  14:26  Zerg Flyer Weapons Level 1  
  188  14:27  Hatchery  
  187  14:32  Zergling x28, Baneling x10  
  148  14:56  Roach x5  
  157  15:01  Zergling x58  
  157  15:04  Corruptor x6  
  198  15:10  Overseer x3  
  198  15:16  Overlord  
  187  15:35  Zerg Ground Armor Level 2  
  187  15:38  Brood Lord  
  187  15:39  Brood Lord x2  
  185  15:51  Brood Lord x2  
  172  16:03  Brood Lord  
  170  16:07  Drone x3  
  170  16:08  Drone x6  
  179  16:11  Baneling  
  179  16:12  Baneling x12  
  179  16:13  Drone x7  
  179  16:14  Drone x3  
  179  16:15  Drone x8  
  197  16:20  Overseer  
  197  16:26  Unknown  
  196  16:43  Hatchery  
  182  17:01  Corruptor x11  
  200  17:10  Baneling x12  
  200  17:39  Unknown  
  191  17:45  Brood Lord x4  
  199  17:56  Overseer x2  
  199  17:58  Overseer, Overlord  
  199  18:02  Spine Crawler  
  199  18:03  Spine Crawler  
  199  18:05  Spore Crawler, Spine Crawler x2  
  195  18:12  Infestor x3  
  192  18:13  Brood Lord x4  
  192  18:18  Brood Lord x2  
  200  18:20  Brood Lord  
  200  18:45  Hatchery  
Tags
 
Add a new tag
Caveats
  • Supply blocks, unpowered buildings, or Contaminate may cause inaccurate times.
  • Supply counts are checked every 10 seconds.